AoeStats
← [La14]Uvita

Nomad

508120411Analyzed
4v4 RM · 12d ago on Sep 21, 2026· 57m 1s· 8 players
Game mode
Random Map
Map size
231×231
Population
200
Speed
Normal
Resources
Standard
Victory
Conquest
Starting age
Dark Age
Ending age
Imperial Age
RankedLock teamsTeams togetherTeam positionsShared explorationLock speedFull tech treeHidden civsTurbo modeCheats
Victory
Defeat
🇨🇱 Turks · Chile
1194
+12
🇧🇷 Japanese · Brazil
1163
+14
🇦🇷 Persians · Argentina
1152
+14
🇨🇱 Vikings · Chile
1121
+16
🇦🇷 Portuguese · Argentina
1228
-18
🇦🇷 Lithuanians · Argentina
1083
-13
🇦🇷 Hindustanis · Argentina
1077
-27
🇦🇷 Persians · Argentina
1061
-12
JMB
5:41 Loom
14:06 Feudal Age
Sr Bolainas
5:06 Loom
13:41 Feudal Age
14:29 Double-Bit Axe
20:25 Castle Age
19:12 Gold Mining
19:20 Town Watch
19:21 Horse Collar
20:00 Fletching
22:48 Medium Warships
23:26 Stone Mining
27:34 Bodkin Arrow
29:56 Forging
29:36 Arson
30:39 Fishing Lines
31:38 Scale Mail Armor
31:40 Squires
33:39 Iron Casting
34:38 Chain Mail Armor
36:49 Bow Saw
38:02 Heavy Plow
38:35 Ballistics
39:46 Gambesons
39:25 Pikeman
40:59 Chieftains
42:53 Man-at-Arms
48:39 Imperial Age
48:47 Masonry
49:53 Conscription
49:12 Elite Berserk
53:18 Blast Furnace
GranateCampeón
6:50 Loom
14:24 Feudal Age
14:53 Town Watch
14:59 Gold Mining
15:34 Double-Bit Axe
18:04 Fishing Lines
20:36 Castle Age
20:14 Bloodlines
20:47 Forging
20:27 Horse Collar
20:54 Light Cavalry
24:24 Gold Shaft Mining
24:37 Husbandry
25:48 Scale Barding Armor
25:45 Heavy Plow
27:29 Chain Barding Armor
27:48 Stone Mining
32:20 Iron Casting
33:20 Wheelbarrow
32:36 Fletching
35:01 Stone Shaft Mining
35:18 Hand Cart
41:36 Imperial Age
40:44 Bodkin Arrow
41:15 Heavy Camel Rider
42:18 Ballistics
42:39 Plate Barding Armor
43:13 Masonry
47:21 Blast Furnace
46:58 Architecture
46:23 Murder Holes
53:23 Bow Saw
54:12 Crop Rotation
54:07 Conscription
57:19 Two-Man Saw
AAOE | Urborg
7:27 Loom
13:45 Feudal Age
14:40 Town Watch
18:41 Castle Age
16:57 Double-Bit Axe
18:02 Fishing Lines
23:38 Bow Saw
31:05 Horse Collar
31:32 Gillnets
31:58 Padded Archer Armor
33:24 Leather Archer Armor
33:21 Heavy Plow
35:20 Wheelbarrow
38:09 Imperial Age
40:15 Hand Cart
42:25 Conscription
42:30 Gold Mining
43:41 Two-Man Saw
44:36 Elite Janissary
49:51 Gold Shaft Mining
50:08 Ring Archer Armor
50:17 Bombard Tower
50:52 Artillery
51:31 Treadmill Crane
52:28 Scale Barding Armor
53:20 Masonry
54:34 Chain Barding Armor
54:25 Forging
54:11 Stone Mining
ROMA
5:25 Loom
13:44 Feudal Age
19:26 Castle Age
18:57 Scale Barding Armor
19:07 Bloodlines
19:49 Forging
20:43 Husbandry
23:16 Gold Mining
24:27 Gold Shaft Mining
29:13 Stone Mining
32:09 Wheelbarrow
31:59 Chain Barding Armor
36:09 Horse Collar
37:37 Stone Shaft Mining
39:25 Scale Mail Armor
45:30 Wheelbarrow
46:07 Heavy Plow
45:59 Double-Bit Axe
47:27 Bow Saw
53:30 Imperial Age
52:06 Hand Cart
52:56 Town Watch
53:19 Cavalier
55:10 Plate Barding Armor
55:11 Iron Casting
54:27 Fletching
[La14]FerMar
6:26 Loom
14:01 Feudal Age
14:37 Double-Bit Axe
17:38 Scale Barding Armor
18:49 Forging
20:50 Horse Collar
22:36 Wheelbarrow
25:43 Castle Age
24:24 Gold Mining
24:48 Bloodlines
26:06 Fletching
26:51 Husbandry
27:17 Chain Barding Armor
27:33 Bow Saw
29:57 Stone Mining
35:18 Grand Trunk Road
35:06 Arson
35:48 Heavy Plow
40:48 Imperial Age
40:59 Heavy Camel Rider
42:22 Plate Barding Armor
42:22 Iron Casting
41:43 Bodkin Arrow
42:14 Conscription
42:31 Town Watch
43:46 Elite Ghulam
45:33 Imperial Camel Rider
49:24 Scale Mail Armor
54:10 Blast Furnace
53:10 Bracer
[La14]Uvita
8:19 Loom
15:15 Feudal Age
15:57 Horse Collar
16:03 Double-Bit Axe
20:35 Forging
21:11 Fletching
27:43 Castle Age
26:49 Scale Barding Armor
27:22 Bloodlines
28:31 Gold Mining
29:24 Padded Archer Armor
30:27 Wheelbarrow
32:31 Town Watch
33:13 Heavy Plow
37:12 Leather Archer Armor
38:15 Bodkin Arrow
39:39 Thumb Ring
41:17 Ballistics
46:36 Imperial Age
52:17 Elite Skirmisher
53:28 Husbandry
55:58 Chemistry
55:29 Bracer
56:14 Ring Archer Armor
56:49 Tower Shields
[La14] BlackSilvio
5:39 Loom
13:05 Feudal Age
16:06 Town Watch
18:37 Castle Age
17:04 Double-Bit Axe
19:42 Bow Saw
20:16 Medium Warships
21:25 Wheelbarrow
20:36 Horse Collar
20:55 Gold Mining
26:03 Fletching
27:18 Bodkin Arrow
28:03 Hand Cart
28:23 Heavy Plow
30:26 Ballistics
30:10 Padded Archer Armor
36:02 Imperial Age
35:14 Leather Archer Armor
35:27 Scale Barding Armor
35:33 Forging
35:36 Masonry
36:25 Circumnavigation
36:47 Sappers
37:40 Conscription
39:15 Cavalier
40:05 Bloodlines
39:56 Husbandry
40:33 Iron Casting
40:19 Chain Barding Armor
40:00 Bracer
40:30 Ring Archer Armor
45:53 Crossbowman
46:45 Arbalester
48:12 Thumb Ring
49:25 Blast Furnace
50:25 Plate Barding Armor
Connection lost

Rejoining the realm…

Still unreachable

The connection could not be restored.

Session expired

The server has moved on; the page needs a fresh start.